 Dungeon Crawl Stone Soup version 0.30-a0-377-g5cb311bc9f (webtiles) character file.

Game seed: 3951679305176362850

671 Shayle the Trooper (level 7, -1/58 HPs)
             Began as a Demonspawn Reaver on Nov 30, 2022.
             Slain by an iguana (9 damage)
             ... on level 5 of the Dungeon.
             The game lasted 00:20:36 (4632 turns).

Shayle the Trooper (Demonspawn Reaver)              Turns: 4632, Time: 00:20:36

Health: -1/58      AC:  7    Str: 12    XL:     7   Next: 32%
Magic:  13/13      EV: 11    Int: 17    God:
Gold:   252        SH:  4    Dex: 11    Spells: 13/14 levels left

rFire   . . .      SeeInvis .    c - +1 broad axe
rCold   . . .      Faith    .    r - +0 buckler
rNeg    . . .      Spirit   .    b - +0 leather armour
rPois   .          Reflect  .    m - +0 helmet
rElec   .          Harm     .    (no cloak)
rCorr   .          Rampage  .    (no gloves)
Will    .....                    (no boots)
Stlth   ++........               (no amulet)
HPRegen 0.29/turn                (no ring)
MPRegen 0.26/turn                (no ring)

@: no status effects
A: yellow scales 2, magic regeneration
a: no special abilities


You were on level 5 of the Dungeon.
You visited 1 branch of the dungeon, and saw 5 of its levels.

You collected 252 gold pieces.

Inventory:

Hand Weapons
 c - a +1 broad axe (weapon)
 i - a +1 vampiric hand axe
Armour
 b - a +0 leather armour (worn)
 m - a +0 helmet (worn)
 r - a +0 buckler (worn)
Wands
 g - a wand of iceblast (5)
 k - a wand of digging (7)
 t - a wand of flame (4)
Scrolls
 a - a scroll of identify
 d - 3 scrolls of blinking
 e - 6 scrolls of teleportation
 s - a scroll of summoning
Potions
 f - a potion of attraction
 h - 2 potions of brilliance
 j - a potion of flight
 o - a potion of mutation


   Skills:
 + Level 6.0 Fighting
 - Level 2.6 Axes
 + Level 4.1 Staves
 + Level 5.0 Armour
 - Level 1.7 Dodging
 + Level 3.3 Stealth
 - Level 3.9 Shields
 - Level 4.4 Spellcasting
 - Level 5.3 Conjurations
 - Level 3.7 Ice Magic


You had 13 spell levels left.
You knew the following spells:

 Your Spells              Type           Power      Damage    Failure   Level
a - Kiss of Death         Conj/Necr      48%        2d9       9%          1

Your spell library contained the following spells:

 Spells                   Type           Power      Damage    Failure   Level
 Hailstorm                Conj/Ice       19%        3d6       12%         3
 Momentum Strike          Conj/Tloc      24%        3d8       13%         2
 Beastly Appendage        Tmut           6%         N/A       26%         1
 Wereblood                Tmut           3%         N/A       36%         2
 Gell's Gravitas          Tloc           3%         N/A       58%         3
 Spider Form              Tmut/Pois      3%         N/A       58%         3
 Teleport Other           Tloc           3%         N/A       58%         3
 Manifold Assault         Tloc           3%         N/A       94%         4
 Dispersal                Tloc           1%         N/A       100%        6
 Disjunction              Tloc           1%         N/A       100%        8


Dungeon Overview and Level Annotations

Branches:
Dungeon (5/15)
 Temple: D:4-7

Altars:
Ru
Xom

Shops:
D:4 (

Annotations:
D:2 1 runed translucent door, Crazy Yiuf, Sigmund
D:4 Blork the orc


Innate Abilities, Weirdness & Mutations

You are mostly covered in yellow scales. (AC +3)
You regenerate magic rapidly.


Message History

You closely miss the orc.
You feel sick. The orc barely misses you.
You barely miss the orc.
You feel sick. The orc hits you but does no damage.
The orc hits you with a +0 mace.
You completely miss the orc.
You feel sick. You block the orc's attack.
You slash the orc!
You kill the orc!
You feel sick.
You feel sick.
The iguana hisses angrily.
Things that are here:
a +0 mace; a scorpion corpse You feel sick.
You are no longer poisoned.
Okay, then.
You slash the iguana!
The iguana is moderately wounded.
The iguana bites you but does no damage.
You slash the iguana!
The iguana is almost dead.
The iguana bites you!
* * * LOW HITPOINT WARNING * * *
The iguana barely misses you.
Okay, then.
You hit the iguana.
You kill the iguana!
Your Fighting skill increases to level 6!
Your Armour skill increases to level 5!
As you read the scroll of teleportation, it crumbles to dust.
You feel strangely unstable. The scorpion barely misses you.
The scorpion stings you but does no damage.
Your surroundings suddenly seem different.
Found 4 stones.
You start resting.
An iguana comes into view.
You closely miss the iguana.
You hear the slow rusting of a very distant drain.
The iguana bites you!
* * * LOW HITPOINT WARNING * * *
The iguana bites you!
You die...

## .# (#
.#
########l#
.......@.#
#######..#
#..# ...#
#.## #.#
#.# #.#


You could see an iguana.

Vanquished Creatures
  A phantom (D:4)
  A scorpion (D:5)
  An iguana (D:5)
  Robin (D:2)
  5 gnolls (D:3)
  11 adders
  2 worms (D:2)
  2 dart slugs
  4 orcs
  4 endoplasms
  2 giant cockroaches
  15 goblins
  22 hobgoblins
  2 jackals (D:1)
  4 quokkas
  13 ball pythons
  A bat (D:2)
  2 frilled lizards (D:1)
  5 kobolds
  6 rats
104 creatures vanquished.

Vanquished Creatures (others)
  2 plants (D:1)
2 creatures vanquished.

Grand Total: 106 creatures vanquished

Notes
Turn   | Place    | Note
-------+----------+-------------------------------------------
     0 | D:1      | Shayle the Demonspawn Reaver began the quest for the Orb.
     0 | D:1      | Reached XP level 1. HP: 16/16 MP: 3/3
   274 | D:1      | Gained mutation: You regenerate magic rapidly. [demonic
                  | ancestry]
   274 | D:1      | Reached XP level 2. HP: 14/22 MP: 5/5
   334 | D:1      | Reached skill level 1 in Stealth
   464 | D:1      | Reached skill level 1 in Armour
   829 | D:1      | Gained mutation: You are partially covered in yellow
                  | scales. (AC +2) [demonic ancestry]
   829 | D:1      | Reached XP level 3. HP: 28/28 MP: 6/6
  1725 | D:2      | Found a runed translucent door.
  1726 | D:2      | Noticed Crazy Yiuf
  1807 | D:2      | Reached XP level 4. HP: 33/34 MP: 7/7
  1854 | D:2      | Noticed Robin
  1869 | D:2      | Reached skill level 3 in Fighting
  1905 | D:2      | Killed Robin
  1946 | D:2      | Noticed Sigmund
  2459 | D:3      | Found a shimmering altar of Xom.
  2556 | D:3      | Reached XP level 5. HP: 38/41 MP: 8/8
  2835 | D:4      | Found Zaf Gask's Weapon Boutique.
  3019 | D:4      | Noticed a phantom
  3652 | D:3      | Reached skill level 1 in Staves
  3754 | D:3      | Reached skill level 5 in Fighting
  3754 | D:3      | Reached skill level 5 in Conjurations
  3754 | D:3      | Gained mutation: You are mostly covered in yellow scales.
                  | (AC +3) [demonic ancestry]
  3754 | D:3      | Reached XP level 6. HP: 52/52 MP: 8/12
  4001 | D:4      | Reached XP level 7. HP: 53/57 MP: 13/13
  4428 | D:4      | Noticed Blork the orc
  4441 | D:5      | Entered Level 5 of the Dungeon
  4595 | D:5      | Found a sacrificial altar of Ru.
  4624 | D:5      | Reached skill level 6 in Fighting
  4624 | D:5      | Reached skill level 5 in Armour
  4632 | D:5      | Slain by an iguana

Illustrated notes

Levels and vault maps discovered:
D:1:      shiori_shiawase, layout_basic, serial_forest,
          infiniplex_forest_clump_double, infiniplex_forest_fountain,
          infiniplex_forest_corner_2, infiniplex_forest_split,
          infiniplex_forest_clump_cross, infiniplex_forest_lined_3,
          infiniplex_forest_lined_3_way, infiniplex_forest_straight_1,
          infiniplex_forest_clump_medium, nrook_loot_triangle,
          minmay_octomino_j4
D:2:      layout_loops_ring, kennysheep_flooded_box, uniq_sigmund, uniq_robin,
          uniq_crazy_yiuf_cottage
D:3:      layout_rooms, overflow_temple_1_default, grunt_ministairs_11,
          minmay_snake_closets
D:4:      layout_basic, serial_shops, nicolae_square_shop, chequers_avenue,
          kennysheep_generic_room_16, uniq_blork_the_orc
D:5:      layout_loops_ring, mainiacjoe_overflow_chevrons, lemuel_round_altar,
          nicolae_ru_awakened_eye, portal_sewer_entry_a

Skill      XL: |  1  2  3  4  5  6  7 |
---------------+----------------------+-----
Stealth        | 1 2 3 |  3.3
Armour         | 1 2 4 5 |  5.0
Fighting       | 3 5 6 |  6.0
Staves         | 4 |  4.1
Shields        | 3 |  3.9
Spellcasting   | 4 |  4.4
Conjurations   | 5 |  5.3
Ice Magic      | 3 |  3.7
Axes           | |  2.6
Dodging        | |  1.7

Action                   |  1- 3 |  4- 6 |  7- 9 || total
-------------------------+-------+-------+-------++-------
Melee: Hand axe          |   186 |   229 |       ||   415
       Punch             |     1 |     1 |       ||     2
       Broad axe         |       |       |    30 ||    30
  Use: Scroll            |       |     8 |     5 ||    13
       Potion            |       |     1 |       ||     1
 Stab: Sleeping          |     1 |     4 |       ||     5
Armor: Leather armour    |    42 |    94 |     7 ||   143
Dodge: Dodged            |   106 |   167 |    22 ||   295
Block: Buckler           |       |    20 |     3 ||    23

Table legend: (Time is in decaauts)
 A = Elapsed time spent in this place.
 B = Non-inter-level travel time spent in this place.
 C = Inter-level travel time spent in this place.
 D = Time resting spent in this place.
 E = Time spent auto-exploring this place.
 F = Levels seen in this place.
 G = Mean time per level.
                   A        B        C        D        E       F      G
               +--------+--------+--------+--------+--------+-----+--------+
         Total |   4723 |   4472 |    251 |    546 |   2142 |   5 |  944.6 |
       Dungeon |   4723 |   4472 |    251 |    546 |   2142 |   5 |  944.6 |
               +--------+--------+--------+--------+--------+-----+--------+

Top non-repeatable levels by time:
     D:4: 1199 daAuts
     D:2: 1194 daAuts
     D:1: 1123 daAuts
     D:3: 1004 daAuts
     D:5: 202 daAuts
